 Dungeon Crawl Stone Soup version 0.27-a0-1136-g0b992a5a9d (webtiles) character file.

Game seed: 4268531099317029524

122 BigRedEye the Slasher (level 4, -1/39 HPs)
             Began as a Minotaur Fighter on May 5, 2021.
             Slain by a sky beast (6 damage)
             ... on level 3 of the Dungeon.
             The game lasted 00:02:39 (1841 turns).

BigRedEye the Slasher (Minotaur Fighter)            Turns: 1841, Time: 00:02:40

Health: -1/39      AC: 10    Str: 21    XL:     4   Next: 78%
Magic:  3/3        EV:  7    Int:  5    God:
Gold:   96         SH:  9    Dex: 10    Spells: 3/3 levels left

rFire    . . .     SeeInvis .   a - +0 long sword
rCold    . . .     Faith    .   c - +0 kite shield
rNeg     . . .     Spirit   .   b - +0 scale mail
rPois    .         Reflect  .   (helmet restricted)
rElec    .         Harm     .   (no cloak)
rCorr    .         Rampage  .   (no gloves)
Will     .....                  (no boots)
Stlth    ..........             (no amulet)
HPRegen  0.13/turn              k - +4 ring of protection
MPRegen  0.08/turn              (no ring)

@: mighty
A: horns 2, retaliatory headbutt
a: no special abilities


You were on level 3 of the Dungeon.
You visited 1 branch of the dungeon, and saw 3 of its levels.

You collected 96 gold pieces.

Inventory:

Hand Weapons
 a - a +0 long sword (weapon)
Armour
 b - a +0 scale mail (worn)
 c - a +0 kite shield (worn)
Jewellery
 k - a +4 ring of protection (left hand)
Scrolls
 e - a scroll of holy word {unknown}
 h - a scroll of blinking {unknown}
 i - a scroll of identify {unknown}
 j - a scroll of fear {unknown}
Potions
 f - a potion of heal wounds {unknown}
 g - a potion of curing {unknown}


   Skills:
 - Level 3.6 Fighting
 + Level 6.1 Long Blades
 - Level 3.6 Armour
 - Level 3.6 Shields


You had 3 spell levels left.
You didn't know any spells.
Your spell library contained the following spells:

 Spells                   Type           Power      Damage    Failure   Level
 Summon Small Mammal      Summ           0%         N/A       99%         1
 Call Imp                 Summ           0%         N/A       100%        2
 Call Canine Familiar     Summ           0%         N/A       100%        3
 Summon Guardian Golem    Hex/Summ       0%         N/A       100%        3
 Summon Ice Beast         Ice/Summ       0%         N/A       100%        4
 Summon Lightning Spire   Summ/Air       0%         N/A       100%        4


Dungeon Overview and Level Annotations

Branches:
Dungeon (3/15)

Altars:


Innate Abilities, Weirdness & Mutations

You have a pair of horns on your head.
You reflexively headbutt those who attack you in melee.


Message History

You block the sky beast's attack. x2
You hit the sky beast.
The sky beast is severely wounded.
You block the ball python's attack. The ball python grabs you.
The ball python constricts you. The sky beast hits you.
The sky beast shocks you.
You miss the sky beast. You headbutt the sky beast.
The sky beast is severely wounded.
The ball python bites you but does no damage.
The ball python constricts you. The sky beast hits you.
The sky beast shocks you. You block the ball python's attack.
The ball python constricts you.
You completely miss the sky beast. You headbutt the sky beast.
The sky beast is almost dead.
The sky beast flickers out of sight!
Deactivating autopickup; reactivate with Ctrl-A.
Something hits you but does no damage. You block the ball python's attack.
The ball python constricts you.
The ball python bites you but does no damage.
The ball python constricts you. Something hits you but does no damage.
You feel very mighty all of a sudden. You block the ball python's attack.
The ball python constricts you. Something hits you. Something shocks you.
* * * LOW HITPOINT WARNING * * *
You miss something. Your headbutt misses something.
The ball python bites you but does no damage.
* * * LOW HITPOINT WARNING * * *
The ball python constricts you. You block something's attack.
You slash the ball python!
You kill the ball python!
Something hits you but does no damage.
You barely miss something. Your headbutt misses something.
Something hits you but does no damage.
You closely miss something.
Something hits you but does no damage. x2
Your shield prevents you from hitting something.
Something hits you but does no damage.
You miss something. Something hits you.
* * * LOW HITPOINT WARNING * * *
Something shocks you.
You die...

#.<........
#...........
#...........
#..........#
..........#
##.........###
#.............
#..@{........
#?.?.......#
#..........#
#..........#####
##.............#
##.............
#####.........
#.........
#...^.....


There were no monsters in sight!

Vanquished Creatures
  A water moccasin zombie (D:2)
  2 adders (D:2)
  A worm (D:2)
  6 ball pythons
  9 bats
  3 endoplasms
  2 giant cockroaches (D:1)
  5 goblins
  4 hobgoblins
  4 kobolds
  A frilled lizard (D:1)
  5 rats
43 creatures vanquished.

Notes
Turn   | Place    | Note
-------+----------+-------------------------------------------
     0 | D:1      | BigRedEye the Minotaur Fighter began the quest for the Orb.
     0 | D:1      | Reached XP level 1. HP: 19/19 MP: 0/0
     1 | D:1      | Noticed an electric eel
   170 | D:1      | Reached skill level 3 in Long Blades
   178 | D:1      | Reached XP level 2. HP: 26/26 MP: 1/1
   486 | D:1      | Reached skill level 4 in Long Blades
   885 | D:2      | Reached XP level 3. HP: 31/31 MP: 2/2
  1201 | D:2      | Reached skill level 5 in Long Blades
  1201 | D:2      | Reached XP level 4. HP: 21/39 MP: 3/3
  1470 | D:2      | Found a faded altar of an unknown god.
  1491 | D:2      | Reached skill level 6 in Long Blades
  1823 | D:3      | Noticed a sky beast
  1841 | D:3      | Slain by a sky beast

Illustrated notes

Levels and vault maps discovered:
D:1:      arrival_aquarium_a, layout_basic
D:2:      layout_loops_ring, basic_ecumenical_altar
D:3:      minmay_wonky_spiral, layout_rooms, grunt_temple_overflow_diamond,
          uniq_robin

Skill      XL: |  1  2  3  4 |
---------------+-------------+-----
Long Blades    | 3 4 5 6 |  6.1
Fighting       | |  3.6
Armour         | |  3.6
Shields        | |  3.6

Action                   |  1- 3 |  4- 6 || total
-------------------------+-------+-------++-------
Melee: Long sword        |    61 |    25 ||    86
       Headbutt          |    12 |     4 ||    16
  Use: Potion            |       |     1 ||     1
Armor: Scale mail        |    29 |    17 ||    46
Dodge: Dodged            |    18 |     6 ||    24
Block: Kite shield       |    28 |    12 ||    40
       Rpst.: Long sword |     7 |     2 ||     9

Table legend: (Time is in decaauts)
 A = Elapsed time spent in this place.
 B = Non-inter-level travel time spent in this place.
 C = Inter-level travel time spent in this place.
 D = Time resting spent in this place.
 E = Time spent auto-exploring this place.
 F = Levels seen in this place.
 G = Mean time per level.
                   A        B        C        D        E       F      G
               +--------+--------+--------+--------+--------+-----+--------+
         Total |   1874 |   1814 |     60 |    262 |   1294 |   3 |  624.7 |
       Dungeon |   1874 |   1814 |     60 |    262 |   1294 |   3 |  624.7 |
               +--------+--------+--------+--------+--------+-----+--------+

Top non-repeatable levels by time:
     D:2: 942 daAuts
     D:1: 900 daAuts
     D:3: 31 daAuts
